 Dungeon Crawl Stone Soup version 0.25.1-2-g60ff931 (webtiles) character file.

Game seed: 4382317119827049697

22484 curiousnu the Blocker (level 12, -7/92 HPs)
             Began as a Demonspawn Berserker on Sept 20, 2020.
             Was an Elder of Trog.
             Mangled by Fannar
             ... wielding an uncursed staff of cold
              (15 damage)
             ... on level 2 of the Lair of Beasts.
             The game lasted 00:48:23 (14134 turns).

curiousnu the Blocker (Demonspawn Berserker)       Turns: 14134, Time: 00:48:28

Health: -7/92      AC: 12    Str: 28    XL:     12   Next: 63%
Magic:  12/12      EV:  8    Int: 10    God:    Trog [****..]
Gold:   981        SH: 20    Dex: 12    Spells: 11/11 levels left

rFire    . . .     SeeInvis .   a - +0 falchion
rCold    . . .     Gourm    .   J - +1 tower shield
rNeg     . . .     Faith    .   s - +0 chain mail
rPois    +         Spirit   .   (helmet restricted)
rElec    .         Reflect  .   (no cloak)
rCorr    .         Harm     .   r - +0 pair of gloves
MR       ++...                  (no boots)
Stlth    ..........             B - amulet of regeneration
HPRegen  1.65/turn              m - ring of poison resistance
MPRegen  0.13/turn              D - +6 ring of strength

@: regenerating
A: hooves 2, horns 1, nightstalker 2, powered by death 1
a: Berserk, Trog's Hand, Brothers in Arms, Renounce Religion


You were on level 2 of the Lair of Beasts.
You worshipped Trog.
Trog was greatly pleased with you.
You were near starving.

You visited 3 branches of the dungeon, and saw 18 of its levels.

You collected 981 gold pieces.

Inventory:

Hand Weapons
 a - a +0 falchion (weapon)
 b - a +0 long sword
 w - a +3 whip of freezing
 E - a +2 whip of draining
Missiles
 x - 13 poisoned darts
 F - 5 boomerangs (quivered)
Armour
 f - a +2 helmet
 r - a +0 pair of gloves (worn)
 s - a +0 chain mail (worn)
 A - a +0 buckler
 J - a +1 tower shield (worn)
 L - +0 acid dragon scales
Jewellery
 j - an uncursed amulet of the acrobat {unknown}
 m - a ring of poison resistance (left hand)
 q - a cursed amulet of inaccuracy {unknown}
 t - an uncursed ring of flight
 y - a +6 ring of dexterity
 B - an amulet of regeneration (around neck)
 D - a +6 ring of strength (right hand)
Wands
 z - a wand of paralysis (19)
 C - a wand of clouds (17)
 G - a wand of random effects (7)
 H - a wand of flame (21)
 I - a wand of disintegration (16)
 O - a wand of iceblast (19)
 R - a wand of polymorph (14)
Scrolls
 e - 3 scrolls of teleportation
 g - 3 scrolls of remove curse
 i - 5 scrolls of fog
 k - 3 scrolls of blinking
 K - 2 scrolls of enchant weapon
 S - a scroll of vulnerability {unknown}
Potions
 d - 14 potions of curing
 h - 4 potions of stabbing
 l - 3 potions of lignification
 n - 3 potions of flight
 p - a potion of resistance
 u - a potion of magic
 v - 3 potions of heal wounds
 N - 2 potions of mutation
 P - a potion of haste {unknown}
Miscellaneous
 M - a lightning rod (4/4)
 Q - a phial of floods
Comestibles
 c - 13 rations


   Skills:
 + Level 8.1 Fighting
 + Level 10.6 Long Blades
 + Level 1.5 Throwing
 + Level 9.1 Armour
 + Level 5.1 Dodging
 * Level 11.3 Shields
 + Level 0.1 Evocations


You had 11 spell levels left.
You didn't know any spells.
Your spell library was empty.

Dungeon Overview and Level Annotations

Branches:
Dungeon (14/15)            Temple (0/1) D:7            Lair (2/6) D:11
 Shoals (0/4) Lair:2          Orc (2/2) D:11
  Snake: Lair:2-4    Spider: Lair:2-4       Elf: Orc:2       Vaults: D:13-14

Altars:
Gozag
Makhleb
Ru
Uskayaw
Xom
The Shining One

Shops:
D:6 (   D:12 *   D:14 *

Portals:
Abyss: D:6

Annotations:
D:6 2 transporters, FlobFlarker's ghost, novice KoBe
D:7 2 transporters, exclusion: oklob plant, Southernist's ghost, novice HaAr
Lair:2 Fannar
Orc:2 Azrael; Donald


Innate Abilities, Weirdness & Mutations

You have hoof-like feet.
You have a pair of small horns on your head.
You are significantly more attuned to the shadows.
You regenerate a little health from kills.


Message History

You hit Fannar but do no damage. Your kick misses Fannar.
You headbutt Fannar, but do no damage.
Fannar is lightly wounded.
Your ogre hits the hippogriff with a +0 giant club!
You block the hippogriff's attack. x2
The hippogriff claws you but does no damage.
The water moccasin barely misses you.
You block the seven-headed hydra's attack.
The seven-headed hydra bites you. The seven-headed hydra bites you!
The seven-headed hydra bites you.
* * * LOW HITPOINT WARNING * * *
The seven-headed hydra bites you.
* * * LOW HITPOINT WARNING * * *
The seven-headed hydra bites you!
* * * LOW HITPOINT WARNING * * *
The seven-headed hydra bites you but does no damage.
Fannar hits you with an uncursed staff of cold.
* * * LOW HITPOINT WARNING * * *
Fannar freezes you!
You die...

....... #...>.. ....... ....#
#Y....... ....
##SD...#.##+##..##
#H@eY.##.##.##..P#
#O.....#....##...# .#...>..#
##....##....##...# ##......#
####P..........##..##
.....[..####.###....##.....'..##
P#.....^............#######P...#
.....................#P##.##..##
...............................#
###...#P###..##..#...#P.########


You could see Fannar (icy armour), a seven-headed hydra, an elephant, a
hippogriff, a yak, a water moccasin and a friendly ogre (summoned, berserk).

Vanquished Creatures
  Erolcha (D:9)
  A two-headed ogre (D:8)
  Pikel (D:4)
  A cyclops (Orc:1)
  An elephant (D:11)
  A manticore (D:11)
  Joseph (D:7)
  6 spiny frogs
  Maggie (D:10)
  5 komodo dragons (Lair:1)
  2 trolls
  5 blink frogs (Lair:1)
  4 hippogriffs
  A shadow (D:6)
  A wyvern (D:9)
  A vampire (D:14)
  A fire elemental (Orc:2)
  30 yaks
  A human (D:8)
  Eustachio (D:4)
  2 hungry ghosts
  An acid dragon (D:8)
  5 wargs
  2 water moccasins (Lair:1)
  A hell hound (Orc:2)
  4 porcupines
  8 orc warriors
  A sky beast (D:7)
  A hornet zombie (D:11)
  3 ice beasts
  A black bear (D:7)
  2 phantoms
  5 centaurs
  A necrophage (D:9)
  7 ogres
  A wolf (D:10)
  4 crocodiles
  2 big kobolds
  5 bullfrogs
  A gnoll sergeant (D:6)
  3 scorpions
  6 killer bees (D:7)
  4 wights (D:9)
  2 electric eels (D:10)
  3 howler monkeys
  3 crimson imps
  3 jellies
  2 quasits
  2 bullfrog zombies
  3 centaur zombies
  4 hounds
  12 orc priests
  An iguana (D:9)
  Terence (D:2)
  7 worker ants
  9 orc wizards
  Natasha (thrice) (D:2)
  A killer bee zombie (D:7)
  A worker ant zombie (D:5)
  Robin (D:2)
  4 gnolls (D:9)
  8 adders
  2 shadow imps
  3 white imps (D:10)
  2 ufetubi (D:10)
  An adder zombie (D:5)
  An adder skeleton (D:5)
  A worm (D:4)
  A dart slug (D:2)
  5 leopard geckos
  30 orcs
  3 giant cockroaches
  15 goblins
  10 hobgoblins
  7 jackals
  14 kobolds
  5 quokkas
  A ball python (D:3)
  5 bats
  7 frilled lizards
  A leopard gecko skeleton (D:4)
  2 quokka skeletons
  3 rats
  6 plants (Lair:1)
331 creatures vanquished.

Vanquished Creatures (collateral kills)
  A hydra (D:11)
  An orc knight (Orc:2)
  A warg (Orc:2)
  2 hell hounds (Orc:2)
  An orc warrior (Orc:2)
  A phantom (D:11)
  An orc wizard (Orc:2)
  3 orcs (Orc:2)
11 creatures vanquished.

Vanquished Creatures (others)
  A sky beast (D:7)
  A worker ant (D:4)
  An orc (Orc:1)
3 creatures vanquished.

Grand Total: 345 creatures vanquished

Notes
Turn   | Place    | Note
-------+----------+-------------------------------------------
     0 | D:1      | curiousnu the Demonspawn Berserker began the quest for the
                  | Orb.
     0 | D:1      | Reached XP level 1. HP: 18/18 MP: 1/1
   182 | D:1      | Gained mutation: You have large cloven feet. [demonic
                  | ancestry]
   182 | D:1      | Reached XP level 2. HP: 11/24 MP: 2/2
   702 | D:2      | Noticed Robin
   708 | D:2      | Killed Robin
   708 | D:2      | Gained mutation: You are slightly more attuned to the
                  | shadows. [demonic ancestry]
   708 | D:2      | Reached XP level 3. HP: 29/29 MP: 3/3
   713 | D:2      | Reached ** piety under Trog
  1198 | D:2      | Noticed Natasha
  1198 | D:2      | Noticed Terence
  1204 | D:2      | Killed Terence
  1204 | D:2      | Reached XP level 4. HP: 37/37 MP: 4/4
  1206 | D:2      | Killed Natasha
  1219 | D:2      | Noticed Natasha
  1226 | D:2      | Killed Natasha
  1226 | D:2      | Reached XP level 5. HP: 36/42 MP: 5/5
  1274 | D:2      | Noticed Natasha
  1285 | D:2      | Killed Natasha
  1929 | D:4      | Noticed Eustachio
  2126 | D:4      | Noticed a slave
  2127 | D:4      | Noticed a slave
  2128 | D:4      | Noticed a slave
  2129 | D:4      | Noticed Pikel
  2131 | D:4      | Noticed a slave
  2716 | D:4      | Killed Pikel
  2716 | D:4      | Reached skill level 5 in Long Blades
  2716 | D:4      | Reached XP level 6. HP: 8/49 MP: 6/6
  2716 | D:4      | Reached XP level 7. HP: 9/55 MP: 7/7
  3068 | D:4      | Killed Eustachio
  3068 | D:4      | Reached skill level 5 in Fighting
  3159 | D:5      | Entered Level 5 of the Dungeon
  3587 | D:5      | Reached XP level 8. HP: 51/62 MP: 8/8
  3728 | D:5      | Reached skill level 5 in Armour
  3775 | D:5      | Reached *** piety under Trog
  4508 | D:6      | Noticed a troll
  4595 | D:6      | Found a transporter.
  4624 | D:6      | Found a transporter.
  4727 | D:6      | Found a glowing golden altar of the Shining One.
  4763 | D:6      | Reached skill level 1 in Shields
  4769 | D:6      | Found Uhuon's Weapon Shoppe.
  5349 | D:6      | Found a one-way gate to the infinite horrors of the Abyss.
  5349 | D:6      | Noticed FlobFlarker's ghost (novice KoBe)
  5379 | D:6      | Killed a troll
  5379 | D:6      | Reached skill level 2 in Shields
  5379 | D:6      | Gained mutation: You regenerate a little health from kills.
                  | [demonic ancestry]
  5379 | D:6      | Reached XP level 9. HP: 69/69 MP: 9/9
  5669 | D:6      | Found a hide-covered altar of Uskayaw.
  6120 | D:7      | Found a transporter.
  6120 | D:7      | Noticed Southernist's ghost (novice HaAr)
  6122 | D:7      | Found a transporter.
  6220 | D:7      | Noticed Joseph
  6240 | D:7      | Killed Joseph
  6240 | D:7      | Reached skill level 3 in Shields
  6432 | D:7      | Found a burning altar of Makhleb.
  6433 | D:7      | Noticed an oklob plant
  6763 | D:7      | Found a staircase to the Ecumenical Temple.
  7039 | D:8      | Noticed a two-headed ogre
  7050 | D:8      | Killed a two-headed ogre
  7255 | D:8      | Gained mutation: You have hoof-like feet. [demonic
                  | ancestry]
  7255 | D:8      | Reached XP level 10. HP: 72/77 MP: 10/10
  7641 | D:8      | Found an opulent altar of Gozag.
  7735 | D:8      | HP: 3/115 [orc warrior/+0 vorpal dire flail (4)]
  7738 | D:8      | Reached skill level 4 in Shields
  8205 | D:8      | Found a sacrificial altar of Ru.
  8622 | D:9      | Noticed Erolcha
  8639 | D:9      | Killed Erolcha
  8639 | D:9      | Reached skill level 1 in Throwing
  8684 | D:10     | Entered Level 10 of the Dungeon
  8822 | D:9      | Paralysed by a crimson imp for 3 turns
  8919 | D:9      | Reached **** piety under Trog
  9121 | D:9      | Reached skill level 5 in Shields
  9396 | D:9      | Found a shimmering altar of Xom.
  9655 | D:10     | Reached skill level 6 in Shields
  9750 | D:10     | Noticed Maggie
  9768 | D:10     | Killed Maggie
 10175 | D:11     | Gained mutation: You are significantly more attuned to the
                  | shadows. [demonic ancestry]
 10175 | D:11     | Reached XP level 11. HP: 61/84 MP: 11/11
 10550 | D:11     | Found a staircase to the Orcish Mines.
 10654 | D:11     | Reached skill level 7 in Shields
 10768 | D:11     | Noticed a six-headed hydra
 11033 | D:11     | Killed a six-headed hydra
 11033 | D:11     | Reached skill level 8 in Shields
 11221 | D:11     | Reached skill level 10 in Long Blades
 11426 | D:11     | You fall into a shaft and drop 3 floors!
 11426 | D:14     | Found Umeareast's Assorted Antiques.
 11538 | D:12     | Found Duniff's Assorted Antiques.
 11622 | D:11     | Found a staircase to the Lair.
 11855 | Orc:1    | Entered Level 1 of the Orcish Mines
 11936 | D:11     | Reached skill level 9 in Shields
 12411 | Orc:2    | Entered Level 2 of the Orcish Mines
 12481 | Orc:2    | Noticed an orc knight
 12487 | Orc:2    | Killed an orc knight
 12488 | Orc:2    | Noticed Donald
 12488 | Orc:2    | Noticed Azrael
 12642 | Lair:1   | Entered Level 1 of the Lair of Beasts
 12758 | Lair:1   | Gained mutation: You have a pair of small horns on your
                  | head. [demonic ancestry]
 12758 | Lair:1   | Reached XP level 12. HP: 74/91 MP: 12/12
 12857 | Lair:1   | Reached skill level 10 in Shields
 12914 | Lair:1   | Reached skill level 5 in Dodging
 13565 | Lair:1   | Reached skill level 11 in Shields
 14113 | Lair:2   | Found a staircase to the Shoals.
 14125 | Lair:2   | Noticed Fannar
 14126 | Lair:2   | Noticed a seven-headed hydra
 14134 | Lair:2   | Mangled by Fannar

Illustrated notes

Levels and vault maps discovered:
D:1:      mrwooster_arrival_statue_2, layout_basic
D:2:      layout_rooms, minmay_misc_feat_chi, uniq_natasha, uniq_terence,
          uniq_robin
D:3:      layout_loops_ring
D:4:      layout_rooms, first_ration, uniq_pikel, uniq_eustachio
D:5:      layout_basic, hangedman_abyss_or_decor_slice, grunt_decor_clamped
D:6:      layout_cave_pools, tso_oasis_becter, marbit_many_paths,
          gammafunk_ghost_abyssal_escape, serial_rivers,
          chequers_serial_rivers_micro_d, chequers_serial_rivers_micro_b,
          chequers_serial_rivers_micro_d, chequers_serial_rivers_micro_e,
          chequers_serial_rivers_room_a, chequers_serial_rivers_small_b,
          serial_shops, kennysheep_mini, kb_rosetta
D:7:      layout_loops_corners, minmay_temple_entry_large_hall,
          gammafunk_ghost_mausoleum, lemuel_oklob_altar, uniq_joseph
D:8:      layout_basic, nicolae_ru_sacrificial_ziggurat,
          grunt_gozag_breadcrumbs, grunt_pizzeria
D:9:      layout_basic, xom_teletrap_fun, uniq_erolcha
D:10:     layout_basic, serial_ice, serial_ice_c, serial_ice_h, serial_ice_l,
          serial_ice_a, serial_ice_n, uniq_maggie
D:11:     layout_rooms, david_lair_generic, orc_0_dummy
D:12:     layout_layer_cave, serial_shops, nicolae_shop_crystal, basic_altar
D:13:     cheibrodos_shockbox, layout_irregular_city
D:14:     layout_basic, grunt_vaults_entry_tiered, serial_park_tiny_2,
          serial_shops, nicolae_shop_temple_entry_statues_fountains,
          basic_altar, minmay_shop_chei, nrook_pool_corridor
Lair:1:   wad_woods_structure_01, layout_chaotic_city, beast_lair_carwin_4
Lair:2:   mu_elephants_graveyard, layout_regular_city, shoals_dummy_entry,
          minivault_24, uniq_fannar
Orc:1:    layout_caves
Orc:2:    st_orc_pillars, layout_caves, uniq_donald, uniq_azrael

Skill      XL: |  1  2  3  4  5  6  7  8  9 10 11 12 |
---------------+-------------------------------------+-----
Long Blades    | 3 4 5 6 7 8 9 10 | 10.6
Dodging        | 2 3 4 5 |  5.1
Armour         | 2 4 6 7 8 9 |  9.1
Fighting       | 4 5 6 7 8 |  8.1
Shields        | 2 3 6 9 11 | 11.3
Throwing       | 1 |  1.5
Evocations     | |  0.1

Action                   |  1- 3 |  4- 6 |  7- 9 | 10-12 || total
-------------------------+-------+-------+-------+-------++-------
Melee: Falchion          |    81 |    93 |   409 |  1215 ||  1798
       Kick              |    11 |    25 |   130 |   590 ||   756
       Headbutt          |       |       |       |   116 ||   116
Throw: Boomerang         |       |       |     9 |    23 ||    32
Invok: Berserk           |     2 |     1 |     6 |    12 ||    21
       Trog's Hand       |     1 |       |     3 |    21 ||    25
       Brothers in Arms  |       |       |       |     3 ||     3
Evoke: Lightning rod     |       |       |       |     2 ||     2
  Use: Scroll            |       |       |       |    24 ||    24
       Potion            |       |       |       |     2 ||     2
 Stab: Distracted        |       |       |       |     1 ||     1
  Eat: Chunk             |     2 |     6 |    12 |    25 ||    45
       Ration            |       |       |     3 |     6 ||     9
Armor: Animal skin       |    11 |       |       |       ||    11
       Ring mail         |    10 |    10 |       |       ||    20
       Chain mail        |       |    47 |   262 |   430 ||   739
       Skin              |       |       |       |     3 ||     3
Dodge: Dodged            |    50 |    52 |   175 |   251 ||   528
Block: Buckler           |       |       |    50 |     9 ||    59
       Tower shield      |       |       |       |  1210 ||  1210
       Rpst.: Falchion   |    15 |    19 |    47 |    61 ||   142
